 Dungeon Crawl Stone Soup version 0.29.1-1-gd02db6906a (webtiles) character file.

Game seed: 17071907146438820408

1299 olmar the Basher (level 9, -14/73 (75) HPs)
             Began as a Meteoran Fighter on Oct 16, 2022.
             Was a Believer of the Shining One.
             Demolished by a wight
             ... wielding a +4 halberd
              (18 damage)
             ... on level 7 of the Dungeon.
             The game lasted 00:12:53 (1782 turns).

olmar the Basher (Meteoran Fighter)                 Turns: 1782, Time: 00:12:54

HP:   -14/73 (75)   AC:  7    Str: 21    XL:     9   Next: 11%
MP:   10/10         EV:  9    Int: 10    God:    the Shining One [**....]
Gold: 179           SH:  5    Dex: 15    Spells: 8/8 levels left

rFire   . . .      SeeInvis .   x - +5 flail (spect)
rCold   . . .      Faith    .   c - +0 buckler
rNeg    + . .      Spirit   .   b - +0 scale mail
rPois   .          Reflect  .   (no helmet)
rElec   .          Harm     .   (no cloak)
rCorr   .          Rampage  .   (no gloves)
Will    +....                   (no boots)
Stlth   ..........              (no amulet)
HPRegen 0.22/turn               (no ring)
MPRegen 0.12/turn               (no ring)

@: attractive, glowing, lightly drained
A: sense surroundings 2, otherworldly, glowing, explore regen
a: Renounce Religion, Divine Shield


You were on level 7 of the Dungeon.
You worshipped the Shining One.
The Shining One was pleased with you.
You visited 1 branch of the dungeon, and saw 7 of its levels.

You collected 179 gold pieces.

Inventory:

Hand Weapons
 a - a +0 flail
 v - a +1 flail of flaming
 x - a +5 spectral flail (weapon)
Missiles
 e - 4 atropa-tipped darts
 g - a poisoned dart (quivered)
 y - a curare-tipped dart
Armour
 b - a +0 scale mail (worn)
 c - a +0 buckler (worn)
 i - a +0 chain mail
 o - a +0 tower shield
Jewellery
 h - a ring of fire
Scrolls
 j - 3 scrolls of teleportation
 k - a scroll of acquirement {unknown}
 l - 2 scrolls of enchant armour {unknown}
 p - 2 scrolls of noise {unknown}
 q - a scroll of brand weapon
 s - a scroll of summoning {unknown}
 u - a scroll of identify
Potions
 d - 2 potions of might
 m - a potion of mutation {unknown}
 n - a potion of attraction
 t - a potion of flight
 w - a potion of brilliance {unknown}


   Skills:
 + Level 5.7 Fighting
 + Level 9.4 Maces & Flails
 + Level 6.2 Armour
 + Level 5.9 Shields
 + Level 1.3 Invocations


You had 8 spell levels left.
You didn't know any spells.
Your spell library contained the following spells:

 Spells                   Type           Power      Damage    Failure   Level
 Apportation              Tloc           0%         N/A       77%         1
 Necrotise                Necr           0%         1d4       77%         1
 Summon Small Mammal      Summ           0%         N/A       77%         1


Dungeon Overview and Level Annotations

Branches:
Dungeon (7/15) Zot: 2381   Temple (0/1) D:5

Altars:
Fedhas
Kikubaaqudgha
Nemelex Xobeh
Ru
Xom
The Shining One


Innate Abilities, Weirdness & Mutations

You passively map the area around you.
You are easily found by Zot.
You glow in the dark.
You regain HP and MP as you explore.


Message History

You hit the wight but do no damage.
The wight is almost destroyed.
The wight barely misses you.
Unknown command.
Unknown command.
You hit the wight.
You destroy the wight!
The Shining One accepts your kill.
You feel better. The wight is attracted toward you. x2
Your life force feels restored.
Unknown command.
Unknown command.
You thump the wight!
The wight is heavily damaged.
You block the wight's attack. The wight hits you but does no damage.
Unknown command.
Unknown command.
You barely miss the wight.
The wight is heavily damaged.
You block the wight's attack. The wight hits you with a +1 falchion!
* * * LOW HITPOINT WARNING * * *
Unknown command.
Unknown command.
You feel better.
The wight hits you from afar with a +4 halberd!
* * * LOW HITPOINT WARNING * * *
You block the wight's attack.
Unknown command.
You hit the wight.
The wight is severely damaged.
The wight barely misses you. The wight hits you with a +1 falchion.
* * * LOW HITPOINT WARNING * * *
You partially resist.
You feel drained.
Unknown command.
Unknown command.
Okay, then.
You hit the wight but do no damage.
The wight is severely damaged.
The wight hits you from afar with a +4 halberd!!
You die...

#.###..##### , *
#.# #..... , .#
* *
#.###..######.#
*
#.............#
, *
######.######.#
, #.# #.# * #.#
#.#### *
#.######.#..#...
#.@zzz..........
,
########.#.....
, #.......# *
#.##.#### #.. ..
#.# ##* #.# #<#*
#.#* *


You could see 3 wights.

Vanquished Creatures
  A water moccasin (D:6)
  A black bear (D:6)
  A sky beast (D:6)
  An ogre (D:5)
  A centaur (D:6)
  Blork the orc (D:6)
  A kobold brigand (D:5)
  A scorpion (D:4)
  A wight (D:7)
  6 killer bees (D:7)
  A jelly (D:5)
  2 orc priests
  2 hounds (D:5)
  An orc wizard (D:6)
  5 adders
  3 gnolls (D:3)
  2 white imps
  An ufetubus (D:6)
  A dart slug (D:3)
  17 orcs
  A ball python (D:1)
  4 endoplasms
  2 giant cockroaches (D:1)
  7 goblins
  3 hobgoblins
  7 quokkas
  4 bats
  3 frilled lizards
  9 kobolds
  A rat (D:1)
91 creatures vanquished.

Vanquished Creatures (others)
  3 fungi (D:1)
  A plant (D:1)
4 creatures vanquished.

Grand Total: 95 creatures vanquished

Notes
Turn   | Place    | Note
-------+----------+-------------------------------------------
     0 | D:1      | olmar the Meteoran Fighter began the quest for the Orb.
     0 | D:1      | Reached XP level 1. HP: 19/19 MP: 2/2
    53 | D:1      | Reached XP level 2. HP: 26/26 MP: 3/3
    71 | D:1      | Found a faded altar of an unknown god.
    78 | D:1      | Prayed at the altar of an unknown god.
    78 | D:1      | Became a worshipper of the Shining One
    78 | D:1      | Reached * piety under the Shining One
   157 | D:1      | Reached skill level 3 in Maces & Flails
   176 | D:1      | Reached XP level 3. HP: 29/31 MP: 4/4
   371 | D:3      | Reached XP level 4. HP: 40/40 MP: 1/5
   376 | D:3      | Reached skill level 4 in Maces & Flails
   462 | D:3      | Reached XP level 5. HP: 46/46 MP: 6/6
   506 | D:3      | Found a shimmering altar of Xom.
   686 | D:4      | Reached skill level 5 in Maces & Flails
   777 | D:4      | Reached XP level 6. HP: 27/52 MP: 7/7
   881 | D:5      | Entered Level 5 of the Dungeon
   921 | D:5      | Found a staircase to the Ecumenical Temple.
   929 | D:5      | Reached skill level 6 in Maces & Flails
   970 | D:5      | Reached XP level 7. HP: 45/59 MP: 8/8
  1103 | D:5      | Reached skill level 7 in Maces & Flails
  1419 | D:6      | Reached skill level 5 in Armour
  1419 | D:6      | Reached skill level 5 in Shields
  1440 | D:6      | Reached XP level 8. HP: 23/67 MP: 9/9
  1469 | D:6      | Reached skill level 8 in Maces & Flails
  1469 | D:6      | Reached skill level 1 in Invocations
  1480 | D:6      | Reached ** piety under the Shining One
  1585 | D:6      | Noticed Blork the orc
  1597 | D:6      | Killed Blork the orc
  1598 | D:6      | Reached skill level 5 in Fighting
  1660 | D:6      | Found an ancient bone altar of Kikubaaqudgha.
  1661 | D:6      | Found a blossoming altar of Fedhas.
  1667 | D:6      | Found a sparkling altar of Nemelex Xobeh.
  1668 | D:6      | Found a sacrificial altar of Ru.
  1733 | D:7      | Reached skill level 9 in Maces & Flails
  1745 | D:7      | Gained mutation: You passively map the area around you.
                  | [Meteoran growth]
  1745 | D:7      | Reached XP level 9. HP: 19/74 MP: 10/10
  1782 | D:7      | Demolished by a wight

Illustrated notes

Levels and vault maps discovered:
D:1:      lightli_arrival_noodles, layout_basic,
          shapermc_ecumenical_altar_acropolis, hangedman_decor_riveting
D:2:      layout_basic
D:3:      layout_loops_ring, mainiacjoe_overflow_small_starburst
D:4:      layout_loops_ring, roderic_serpentine_path, dk_noncrumbling_4,
          uniq_natasha
D:5:      layout_gridville, minmay_temple_entry_offerings
D:6:      black_bear_nest_1, layout_loops_ring,
          chequers_temple_overflow_statue_of_worship,
          ebering_dispersal_statue_hall, uniq_blork_the_orc
D:7:      layout_basic, serial_curves, eino_curves_03, eino_curves_01,
          minivault_19, fountainhead, minmay_lizard_king,
          uniq_crazy_yiuf_cottage

Skill      XL: |  1  2  3  4  5  6  7  8 |
---------------+-------------------------+-----
Shields        | 4 5 |  5.9
Maces & Flails | 3 4 5 6 7 9 |  9.4
Armour         | 4 5 6 |  6.2
Fighting       | 4 5 |  5.7
Invocations    | 1 |  1.3

Action                   |  1- 3 |  4- 6 |  7- 9 || total
-------------------------+-------+-------+-------++-------
Melee: Flail             |    60 |    81 |   122 ||   263
Throw: Dart              |     3 |     3 |    13 ||    19
Invok: Divine Shield     |     1 |     1 |     2 ||     4
  Use: Scroll            |     1 |     1 |     2 ||     4
       Potion            |       |     1 |     6 ||     7
Armor: Scale mail        |    28 |    39 |    48 ||   115
Dodge: Dodged            |    12 |    31 |    41 ||    84
Block: Buckler           |    15 |    35 |    50 ||   100
